 Dungeon Crawl Stone Soup version 0.30-a0-39-g42789b21ef (webtiles) character file.

Game seed: 12520079520006898166

54828 frimble the Grappler (level 14, -7/162 (169) HPs)
             Began as a Demonspawn Berserker on Aug 28, 2022.
             Was a High Priest of Trog.
             Mangled by a dire elephant (19 damage)
             ... on level 5 of the Lair of Beasts on Aug 29, 2022.
             The game lasted 00:24:10 (15162 turns).

frimble the Grappler (Demonspawn Berserker)        Turns: 15162, Time: 00:24:11

HP:   -7/162 (169)  AC: 14    Str: 20    XL:     14   Next: 36%
MP:   23/23         EV: 18    Int:  5    God:    Trog [*****.]
Gold: 1148          SH:  6    Dex: 20    Spells: 13/13 levels left

rFire   . . .      SeeInvis +      - Unarmed
rCold   . . .      Faith    .    s - +0 buckler of the Salamander {Rampage Regen+ Str+4}
rNeg    . . .      Spirit   .    h - +2 leather armour of Panuwnis {rCorr Str-4 Int-5 Slay+5}
rPois   .          Reflect  .    x - +2 helmet {SInv}
rElec   .          Harm     .    (no cloak)
rCorr   +          Rampage  +    B - +2 pair of gloves
Will    ++++.                    u - +2 pair of boots
Stlth   ..........               P - amulet of regeneration
HPRegen 2.97/turn                e - ring of willpower
MPRegen 0.36/turn                F - ring of magical power

@: berserking, strong-willed, regenerating, studying 2 skills, lightly drained,
very quick
A: thin skeletal structure 3, ignite blood 2, magic regeneration, weakness
stinger 2
a: Renounce Religion, Berserk, Trog's Hand, Brothers in Arms


You were on level 5 of the Lair of Beasts.
You worshipped Trog.
Trog was extremely pleased with you.
You visited 2 branches of the dungeon, and saw 17 of its levels.
You also visited: Sewer.

You collected 1148 gold pieces.

Inventory:

Missiles
 g - 15 boomerangs (quivered)
 D - 2 throwing nets
 Q - 2 javelins
Armour
 h - the +2 leather armour of Panuwnis (worn) {rCorr Str-4 Int-5 Slay+5}
   (You found it on level 3 of the Dungeon)

   Str:       It affects your strength (-4).
   Int:       It affects your intelligence (-5).
   Slay:      It affects your accuracy & damage with ranged weapons and melee
   (+5).
   rCorr:     It protects you from acid and corrosion.
 s - the +0 buckler of the Salamander (worn) {Rampage Regen+ Str+4}
   (You took it off a goblin on level 4 of the Dungeon)

   Str:       It affects your strength (+4).
   Regen:     It increases your rate of health regeneration.
   Rampage:   It bestows one free step when moving towards enemies.
 u - a +2 pair of boots (worn)
 x - a +2 helmet of see invisible (worn)
 B - a +2 pair of gloves (worn)
 N - a +0 troll leather armour
Jewellery
 e - a ring of willpower (left hand)
 q - a ring of fire
 w - a ring of see invisible
 F - a ring of magical power (right hand)
 P - an amulet of regeneration (around neck)
Wands
 a - a wand of quicksilver (9)
 o - a wand of mindburst (5)
 y - a wand of paralysis (15)
 A - a wand of iceblast (26)
 E - a wand of digging (4)
 K - a wand of flame (12)
Scrolls
 b - 5 scrolls of summoning
 c - a scroll of immolation
 f - 7 scrolls of blinking
 i - 2 scrolls of butterflies
 j - 2 scrolls of teleportation
 k - 2 scrolls of vulnerability
 G - 5 scrolls of fear
 L - 2 scrolls of silence
 M - a scroll of poison
 O - a scroll of identify
 T - 2 scrolls of magic mapping
Potions
 d - 5 potions of heal wounds
 l - 3 potions of might
 m - 2 potions of magic
 n - 5 potions of brilliance
 p - 7 potions of curing
 r - 2 potions of invisibility
 t - 5 potions of degeneration
 v - a potion of berserk rage
 z - 3 potions of lignification
 C - 2 potions of haste
 H - 4 potions of mutation
 I - a potion of flight
 J - 4 potions of attraction
 R - 2 potions of ambrosia {unknown}
 S - a potion of cancellation {unknown}


   Skills:
 + Level 11.4 Fighting
 - Level 8.0 Throwing
 - Level 1.7 Armour
 + Level 10.2 Dodging
 + Level 9.3 Stealth
 - Level 6.0 Shields
 + Level 14.1 Unarmed Combat
 + Level 8.9 Evocations


You had 13 spell levels left.
You didn't know any spells.
Your spell library was empty.

Dungeon Overview and Level Annotations

Branches:
Dungeon (12/15)            Temple (0/1) D:4            Lair (5/5) D:8
  Swamp (0/4) Lair:3       Spider (0/4) Lair:2        Slime (0/5) Lair:5
    Orc (0/2) D:11          Sewer (visited)

Altars:
Ashenzari
Cheibriados
Fedhas
Gozag
Hepliaklqana
Nemelex Xobeh
Okawaru
Qazlal
Sif Muna
Trog
Xom
Yredelemnul
Jiyva

Annotations:
D:7 1 runed translucent door, capslocke's ghost, novice TeHu
D:12 Lodul


Innate Abilities, Weirdness & Mutations

You have an unnaturally thin skeletal structure. (Dex +6, Stealth+++)
Your demonic aura often causes spilled blood to erupt in flames.
You regenerate magic rapidly.
You have a tail ending in a sharp stinger.


Message History

The spectral anaconda is engulfed in blazing flames.
The spectral anaconda closely misses you.
The spectral anaconda constricts you.
You punch the dire elephant!
Your tail-slap misses the dire elephant.
The dire elephant is moderately wounded.
The dire elephant is engulfed in blazing flames.
The dire elephant tramples you!!
You are held in place!
The dire elephant trunk-slaps you but does no damage.
The dire elephant tramples you but does no damage.
The dire elephant trunk-slaps you but does no damage.
The spectral anaconda is engulfed in blazing flames.
The spectral anaconda misses you. The spectral anaconda constricts you.
You pummel the dire elephant!!
The dire elephant is heavily wounded.
The spectral anaconda loses its grip on you.
The necromancer points at you and mumbles some strange words.
The bolt of negative energy hits you!
You feel drained.
* * * LOW HITPOINT WARNING * * *
The dire elephant is engulfed in blazing flames.
The dire elephant tramples you but does no damage.
The dire elephant trunk-slaps you.
* * * LOW HITPOINT WARNING * * *
You hit the dire elephant. You tail-slap the dire elephant!
The dire elephant is severely wounded.
The dire elephant tramples you!!
* * * LOW HITPOINT WARNING * * *
You hold your ground!
The dire elephant closely misses you.
You pummel the dire elephant!!
You kill the dire elephant!
Trog accepts your kill. The necromancer misses you.
The spectral anaconda is engulfed in blazing flames.
The spectral anaconda barely misses you.
The spectral anaconda completely misses you.
Unknown command.
You punch the dire elephant! You tail-slap the dire elephant!
The dire elephant is moderately wounded.
The dire elephant tramples you!!
You die...

....#P⌠.'......#..
....#8..'...#.....
8..8##8.#.........
#''####.#.........
##~≈≈.##.#.........
#~≈≈≈~.#.#.......).
#~~≈≈~~#.#.........
#ZYp≈~##.#.##......
#@Y.~#P.#..#.#.#.#
##'####.##..##..##.
#8☼8#...#♣.####....
###...#.###..## #...#
##.#..##.##..#.###....
##..'..#..##..####.##.#
##...'..#.##♣..##
###### #.P.#####.#
♣...# #.. ##...'.P..#
#♣.### ###


You could see 2 dire elephants, a spectral anaconda and a necromancer.

Vanquished Creatures
  Gastronok (Lair:1)
  A dire elephant (Lair:5)
  2 boulder beetles
  Erica (Lair:1)
  2 two-headed ogres
  6 hydras
  7 death yaks (Lair:5)
  A spectral death yak (Lair:5)
  2 necromancers (Lair:5)
  A lindwurm (Lair:5)
  2 bog bodies (Lair:3)
  2 deep elf pyromancers
  An ugly thing (D:11)
  A manticore (D:12)
  2 cyclopes (D:11)
  15 elephants
  5 black mambas
  Joseph (D:7)
  3 torpor snails
  7 cane toads
  An unseen horror (D:11)
  4 rime drakes (Lair:5)
  3 dire elephant skeletons (Lair:5)
  2 kobold demonologists (D:10)
  5 komodo dragons
  4 trolls
  2 polar bears (Lair:2)
  A hornet (D:9)
  2 spectral elephants (Lair:5)
  10 dream sheep
  The ghost of ytrimaz the Insei, an amateur OpTm (D:3)
  A shadow (D:11)
  5 wyverns
  A dire elephant simulacrum (Lair:5)
  2 wraiths
  39 yaks
  2 culicivoras (Lair:2)
  A vampire (D:10)
  2 basilisks
  Grum (Lair:1)
  2 swamp worms (Lair:3)
  2 vampire mosquitoes (D:10)
  A warg (D:6)
  2 spectral cane toads (Lair:5)
  9 water moccasins
  2 hell hounds (Lair:1)
  Pargi (Sewer)
  6 orc warriors
  A sky beast (D:6)
  2 ice beasts
  4 black bears
  A hornet zombie (D:8)
  An elephant zombie (Lair:5)
  2 elephant skeletons (Lair:5)
  12 ogres
  5 centaurs
  18 wolves
  7 kobold brigands
  2 phantoms
  A necrophage (D:7)
  A wyvern zombie (D:8)
  13 bullfrogs
  5 scorpions
  A cane toad simulacrum (Lair:5)
  13 wights (D:8)
  A troll zombie (D:11)
  18 killer bees
  An electric eel (Lair:3)
  10 howler monkeys
  3 centaur zombies (D:8)
  8 hounds
  4 jellies (Lair:5)
  3 gnoll boudas (D:6)
  7 orc priests
  An iguana (D:6)
  18 orc wizards
  14 hell rats (Lair:5)
  4 ogre zombies (D:11)
  Robin (D:4)
  8 adders
  9 gnolls (D:6)
  3 white imps (D:7)
  2 ufetubi (D:6)
  A worm (D:2)
  35 orcs
  8 endoplasms
  5 giant cockroaches
  19 goblins
  13 hobgoblins
  8 jackals
  A quokka (D:5)
  6 ball pythons
  2 ball python zombies (D:3)
  9 bats
  8 frilled lizards
  4 goblin zombies (D:11)
  A hobgoblin skeleton (D:11)
  A hobgoblin zombie (D:11)
  19 kobolds
  13 orc zombies (D:11)
  9 rats
543 creatures vanquished.

Vanquished Creatures (collateral kills)
  2 ogres (D:12)
2 creatures vanquished.

Vanquished Creatures (others)
  3 bushes (Lair:5)
  20 fungi
  23 plants
  17 withered plants
63 creatures vanquished.

Grand Total: 608 creatures vanquished

Notes
Turn   | Place    | Note
-------+----------+-------------------------------------------
     0 | D:1      | frimble the Demonspawn Berserker began the quest for the
                  | Orb.
     0 | D:1      | Reached XP level 1. HP: 18/18 MP: 1/1
    44 | D:1      | Reached skill level 3 in Unarmed Combat
   201 | D:1      | Gained mutation: You regenerate magic rapidly. [demonic
                  | ancestry]
   201 | D:1      | Reached XP level 2. HP: 14/24 MP: 2/2
  1246 | D:1      | Found a faded altar of an unknown god.
  1386 | D:3      | Gained mutation: You have a somewhat thin skeletal
                  | structure. (Dex +2, Stealth+) [demonic ancestry]
  1386 | D:3      | Reached XP level 3. HP: 29/29 MP: 3/3
  1484 | D:3      | Found a runed translucent gate.
  1484 | D:3      | Found a runed translucent gate.
  1484 | D:3      | Found a runed translucent gate.
  1484 | D:3      | Noticed ytrimaz's ghost (amateur OpTm)
  1486 | D:3      | Found a basalt altar of Yredelemnul.
  1609 | D:3      | Noticed a scorpion
  1614 | D:3      | Killed a scorpion
  1615 | D:3      | Reached skill level 4 in Unarmed Combat
  1615 | D:3      | Gained mutation: You have a small tail. [demonic ancestry]
  1615 | D:3      | Reached XP level 4. HP: 35/35 MP: 4/4
  1699 | D:3      | Identified the +2 leather armour of Panuwnis {rCorr Str-4
                  | Int-5 Slay+5}
  1739 | D:3      | Reached skill level 5 in Unarmed Combat
  1803 | D:3      | Found a glowing drain.
  1821 | Sewer    | Entered a sewer
  2026 | Sewer    | Noticed Pargi
  2032 | Sewer    | Killed Pargi
  2033 | Sewer    | Reached skill level 6 in Unarmed Combat
  2033 | Sewer    | Gained mutation: You have a tail ending in a sharp stinger.
                  | [demonic ancestry]
  2033 | Sewer    | Reached XP level 5. HP: 41/41 MP: 5/5
  2297 | D:3      | Reached ** piety under Trog
  2370 | D:3      | Found a snail-covered altar of Cheibriados.
  2966 | D:2      | Gained mutation: Your demonic aura sometimes causes spilled
                  | blood to erupt in flames. [demonic ancestry]
  2966 | D:2      | Reached XP level 6. HP: 47/47 MP: 6/6
  3616 | D:4      | Found a shimmering blue altar of Sif Muna.
  3662 | D:4      | Noticed Robin
  3666 | D:4      | Reached skill level 1 in Throwing
  3672 | D:4      | Killed Robin
  3700 | D:4      | Identified the +0 buckler of the Salamander {Rampage Regen+
                  | Str+4}
  3703 | D:4      | Found a stormy altar of Qazlal.
  3775 | D:4      | Identified the +6 short sword of Liunu {elec, rN+ Int+3
                  | Dex-3}
  3812 | D:4      | Found a hazy altar of Hepliaklqana.
  3861 | D:4      | Reached *** piety under Trog
  3862 | D:4      | Reached skill level 1 in Shields
  3876 | D:4      | Found an iron altar of Okawaru.
  4030 | D:4      | Found a blossoming altar of Fedhas.
  4087 | D:4      | Found a staircase to the Ecumenical Temple.
  4193 | D:5      | Entered Level 5 of the Dungeon
  4193 | D:5      | Noticed an orc warrior
  4309 | D:5      | Found a sparkling altar of Nemelex Xobeh.
  4322 | D:5      | Reached XP level 7. HP: 47/52 MP: 7/7
  4601 | D:5      | Reached skill level 5 in Shields
  4756 | D:6      | Gained mutation: You have a moderately thin skeletal
                  | structure. (Dex +4, Stealth++) [demonic ancestry]
  4756 | D:6      | Reached XP level 8. HP: 58/58 MP: 8/8
  4945 | D:6      | Reached skill level 1 in Evocations
  5062 | D:6      | Noticed a two-headed ogre
  5097 | D:6      | Killed a two-headed ogre
  5098 | D:6      | Gained mutation: You have an unnaturally thin skeletal
                  | structure. (Dex +6, Stealth+++) [demonic ancestry]
  5098 | D:6      | Reached XP level 9. HP: 66/66 MP: 9/9
  5100 | D:6      | Reached skill level 7 in Unarmed Combat
  5113 | D:6      | Reached **** piety under Trog
  5121 | D:6      | Reached skill level 5 in Fighting
  5275 | D:6      | Noticed a deep elf pyromancer
  5281 | D:6      | Killed a deep elf pyromancer
  5486 | D:6      | Reached XP level 10. HP: 66/76 MP: 10/10
  5952 | D:6      | Reached skill level 5 in Dodging
  5953 | D:6      | Reached skill level 5 in Evocations
  6067 | D:7      | Noticed Joseph
  6091 | D:7      | Killed Joseph
  6092 | D:7      | Reached skill level 5 in Throwing
  6092 | D:7      | Reached skill level 8 in Unarmed Combat
  6562 | D:7      | Reached ***** piety under Trog
  6798 | D:7      | Found a runed translucent door.
  6837 | D:7      | Noticed capslocke's ghost (novice TeHu)
  7077 | D:3      | Killed ytrimaz's ghost
  7078 | D:3      | Reached skill level 1 in Stealth
  7260 | D:8      | Found a broken altar of Ashenzari.
  7409 | D:8      | Found a bloodstained altar of Trog.
  7515 | D:8      | Found a staircase to the Lair.
  7586 | D:8      | Reached XP level 11. HP: 83/84 MP: 11/11
  7963 | D:9      | Paralysed by a hornet for 1 turns
  8018 | D:9      | Found an opulent altar of Gozag.
  8039 | D:9      | Received a gift from Trog
  8381 | D:9      | Found a shimmering altar of Xom.
  8416 | D:9      | Noticed a boulder beetle
  8428 | D:9      | Killed a boulder beetle
  8531 | D:9      | Identified a scroll of acquirement
  8531 | D:9      | Acquired a manual of Unarmed Combat
  8535 | D:10     | Entered Level 10 of the Dungeon
  8568 | D:10     | Reached skill level 9 in Unarmed Combat
  9313 | D:11     | Noticed a two-headed ogre
  9320 | D:11     | Killed a two-headed ogre
  9377 | D:11     | Received a gift from Trog
  9495 | D:11     | Noticed a purple ugly thing
  9495 | D:11     | Noticed a four-headed hydra
  9496 | D:11     | Noticed a white ugly thing
  9519 | D:11     | Noticed a green ugly thing
  9527 | D:11     | Killed a green ugly thing
  9596 | D:11     | Gained mutation: Your demonic aura often causes spilled
                  | blood to erupt in flames. [demonic ancestry]
  9596 | D:11     | Reached XP level 12. HP: 93/93 MP: 12/12
  9661 | D:11     | Reached skill level 10 in Unarmed Combat
  9739 | D:11     | Found a staircase to the Orcish Mines.
 10197 | D:12     | Reached skill level 5 in Stealth
 10339 | D:12     | Noticed Lodul
 10448 | Lair:1   | Entered Level 1 of the Lair of Beasts
 10588 | Lair:1   | Noticed Gastronok
 10589 | Lair:1   | Noticed Erica
 10604 | Lair:1   | Killed Gastronok
 10607 | Lair:1   | Killed Erica
 10731 | Lair:1   | Noticed Grum
 10737 | Lair:1   | Killed Grum
 10739 | Lair:1   | Reached skill level 11 in Unarmed Combat
 11185 | Lair:1   | Found a dark tunnel.
 11380 | Lair:2   | Noticed a six-headed hydra
 11387 | Lair:2   | Killed a six-headed hydra
 11536 | Lair:2   | Found a hole to the Spider Nest.
 11898 | Lair:2   | Reached XP level 13. HP: 93/101 MP: 13/13
 12334 | Lair:3   | Received a gift from Trog
 12447 | Lair:3   | Reached skill level 12 in Unarmed Combat
 12505 | Lair:3   | Reached skill level 10 in Fighting
 12521 | Lair:3   | Found a staircase to the Swamp.
 14051 | Lair:5   | Entered Level 5 of the Lair of Beasts
 14097 | Lair:5   | Reached skill level 13 in Unarmed Combat
 14100 | Lair:5   | Received a gift from Trog
 14349 | Lair:5   | Found a staircase to the Slime Pits.
 14350 | Lair:5   | Found a viscous altar of Jiyva.
 14403 | Lair:5   | Reached XP level 14. HP: 89/113 MP: 14/14
 14554 | Lair:5   | Acquired a manual of Evocations
 14873 | Lair:5   | Reached skill level 10 in Dodging
 15061 | Lair:5   | Received a gift from Trog
 15062 | Lair:5   | Reached skill level 14 in Unarmed Combat
 15125 | Lair:5   | Reached ****** piety under Trog
 15162 | Lair:5   | Mangled by a dire elephant

Illustrated notes

Levels and vault maps discovered:
D:1:      dpeg_arrival_arbitrary_c, layout_loops_ring,
          shapermc_ecumenical_altar_petra
D:2:      layout_loops_ring, minmay_splitting_lines
D:3:      layout_basic, nicolae_yredelemnul_ghost_church,
          mainiacjoe_overflow_surrounded_room, portal_sewer_entry_d,
          grunt_ministairs_8, chequers_arboretum, supply_closet_lemuel,
          minmay_quadrilaterals
D:4:      layout_basic, general_overflow_altar,
          nicolae_qazlal_general_emergency, mainiacjoe_overflow_brackets,
          old_standard_altar, elyvilon_altar_5, kennysheep_mini,
          minmay_temple_entry_poolview, uniq_robin
D:5:      layout_rooms, amcnicky_altar_gilded
D:6:      lemuel_castle_with_subvaults [lemuel_castle_interior_original],
          layout_basic, lexackson_kobold_supper
D:7:      layout_basic, ebering_ghost_reflecting_pool, minmay_statues_item,
          grunt_ministairs_6, chequers_serial_rivers_small_a,
          hangedman_glass_teeth, uniq_joseph
D:8:      layout_loops_ring, ashenzari_altar_1, trog_three_pillars_becter,
          lair_entry_dummy, serial_undead, serial_undead_e, serial_undead_f,
          serial_undead_b, serial_undead_a
D:9:      layout_basic, lemuel_doored_altar, tso_altar,
          mainiacjoe_overflow_alcove_2
D:10:     layout_loops_ring, minmay_misc_feat_chi
D:11:     layout_stronghold, zombieorc1_lemuel, dreamdust_mushroom_princess,
          onia_ninara_dug_in_and_dangerous
D:12:     layout_small_grid, grunt_ministairs_8, kennysheep_pointless_box,
          uniq_lodul
Lair:1:   layout_gridlike, enter_volcano_3, grunt_megastairs_5, uniq_erica,
          uniq_gastronok, uniq_grum
Lair:2:   layout_concentric_octagons, hellmonk_spider_entry_life_and_decay,
          beast_lair_carwin_7
Lair:3:   layout_gridlike, nicolae_swamp_entry_splash_gauntlet,
          grunt_megastairs_2, infiniplex_staircase_pool_2
Lair:4:   layout_cave_pods
Lair:5:   due_jungle_book, layout_loops_ring, nicolae_slime_entry_slimehenge,
          eino_small_chamber_without_monster, minivault_26

Skill      XL: |  1  2  3  4  5  6  7  8  9 10 11 12 13 14 |
---------------+-------------------------------------------+-----
Unarmed Combat | 3 4 6 7 8 9 11 13 14 | 14.1
Throwing       | 1 3 4 5 6 8 |  8.0
Shields        | 3 6 |  6.0
Dodging        | 3 4 6 7 8 9 10 | 10.2
Evocations     | 3 4 6 7 8 |  8.9
Fighting       | 4 5 7 8 9 11 | 11.4
Stealth        | 2 4 6 8 9 |  9.3
Armour         | |  1.7

Action                   |  1- 3 |  4- 6 |  7- 9 | 10-12 | 13-15 || total
-------------------------+-------+-------+-------+-------+-------++-------
Melee: Unarmed           |   105 |   166 |   161 |   760 |   383 ||  1575
       Punch             |     1 |     3 |       |       |       ||     4
       Tailslap          |       |    21 |    27 |   133 |    95 ||   276
Throw: Boomerang         |       |    19 |       |     6 |    47 ||    72
Invok: Berserk           |     5 |     2 |     4 |     7 |     3 ||    21
       Trog's Hand       |       |       |     1 |     1 |     2 ||     4
Evoke: Wand              |       |       |     1 |     3 |       ||     4
  Use: Scroll            |     5 |     3 |     9 |    11 |     8 ||    36
 Stab: Sleeping          |     1 |     5 |     3 |    33 |     7 ||    49
       Distracted        |       |     1 |     1 |     3 |     1 ||     6
       Paralysed         |       |       |     3 |     8 |       ||    11
Armor: Animal skin       |    12 |       |       |       |       ||    12
       Leather armour    |       |    60 |    38 |   156 |    95 ||   349
Dodge: Dodged            |    49 |    75 |    76 |   398 |   224 ||   822
Block: Buckler           |       |     6 |    41 |   194 |   111 ||   352

Table legend: (Time is in decaauts)
 A = Elapsed time spent in this place.
 B = Non-inter-level travel time spent in this place.
 C = Inter-level travel time spent in this place.
 D = Time resting spent in this place.
 E = Time spent auto-exploring this place.
 F = Levels seen in this place.
 G = Mean time per level.
                   A        B        C        D        E       F      G
               +--------+--------+--------+--------+--------+-----+--------+
         Total |  15230 |  14150 |   1080 |    157 |  10865 |  18 |  846.1 |
       Dungeon |  10111 |   9178 |    933 |    157 |   6961 |  12 |  842.6 |
          Lair |   4647 |   4500 |    147 |      0 |   3515 |   5 |  929.4 |
         Sewer |    471 |    471 |      0 |      0 |    388 |   1 |  471.0 |
               +--------+--------+--------+--------+--------+-----+--------+

Top non-repeatable levels by time:
     D:1: 1359 daAuts
     D:3: 1356 daAuts
     D:6: 1314 daAuts
  Lair:5: 1048 daAuts
  Lair:2: 932 daAuts
  Lair:1: 925 daAuts
  Lair:3: 882 daAuts
    D:11: 882 daAuts
  Lair:4: 857 daAuts
     D:8: 824 daAuts
     D:7: 808 daAuts
     D:4: 778 daAuts
    D:10: 765 daAuts
     D:2: 718 daAuts
     D:9: 629 daAuts
